 Dungeon Crawl Stone Soup version 0.27.0-1-g7a089689b8 (webtiles) character file.

Game seed: 9972660282919278316

109 hawla the Sneak (level 4, -4/27 HPs)
             Began as a Deep Elf Delver on Aug 8, 2021.
             Slain by a gnoll (6 damage)
             ... on level 3 of the Dungeon.
             The game lasted 00:06:07 (2896 turns).

hawla the Sneak (Deep Elf Delver)                   Turns: 2896, Time: 00:06:07

Health: -4/27      AC:  4    Str:  9    XL:     4   Next: 59%
Magic:  6/6        EV:  6    Int: 16    God:
Gold:   55         SH:  0    Dex: 16    Spells: 3/3 levels left

rFire    . . .     SeeInvis .   h - +3 dagger (drain)
rCold    . . .     Faith    .   (no shield)
rNeg     . . .     Spirit   .   b - +0 leather armour
rPois    +         Reflect  .   (no helmet)
rElec    .         Harm     .   (no cloak)
rCorr    .         Rampage  .   p - +0 pair of gloves
Will     .....                  (no boots)
Stlth    ++++......             (no amulet)
HPRegen  0.09/turn              a - ring of poison resistance
MPRegen  0.10/turn              (no ring)

@: about to teleport, held
A: poison resistance, noise suppression
a: no special abilities


You were on level 3 of the Dungeon.
You visited 1 branch of the dungeon, and saw 5 of its levels.

You collected 55 gold pieces.

Inventory:

Hand Weapons
 h - a +3 dagger of draining (weapon)
Missiles
 l - 19 poisoned darts (quivered)
Armour
 b - a +0 leather armour (worn)
 p - a +0 pair of gloves (worn)
Jewellery
 a - a ring of poison resistance (left hand)
Wands
 e - a wand of flame (18)
 g - a wand of digging (3)
 k - a wand of charming (9)
Scrolls
 c - 4 scrolls of fog
 d - a scroll of magic mapping
 q - a scroll of immolation {unknown}
Potions
 f - 2 potions of haste
 j - a potion of curing
 o - a potion of brilliance


   Skills:
 + Level 2.8 Fighting
 + Level 2.6 Short Blades
 + Level 0.3 Throwing
 + Level 2.8 Dodging
 + Level 7.6 Stealth


You had 3 spell levels left.
You didn't know any spells.
Your spell library contained the following spells:

 Spells                   Type           Power      Damage    Failure   Level
 Foxfire                  Conj/Fire      0%         2x1d4     34%         1
 Conjure Flame            Conj/Fire      0%         6-21      71%         3
 Inner Flame              Hex/Fire       0%         N/A       71%         3


Dungeon Overview and Level Annotations

Branches:
Dungeon (5/15)
 Temple: D:4-7

Altars:

Shops:
D:2 :


Innate Abilities, Weirdness & Mutations

Your system is resistant to poisons. (rPois)
You passively dampen the noise of your surroundings.


Message History

The worm is moderately wounded.
You hear a shout!
You hit the worm.
The worm is heavily wounded.
A gnoll comes into view. It is wielding a +0 spear.
The worm closely misses you.
You hit the worm. You drain the worm.
The worm is almost dead.
You hit the worm.
You kill the worm!
An endoplasm comes into view.
The hobgoblin shouts!
The gnoll closely misses you.
Found a stone staircase leading up.
You see here a worm corpse.
As you read the scroll labelled CUIJUX SIFUSAE, it crumbles to dust.
You hear a loud clanging noise!
It was a scroll of noise.
The endoplasm quivers.
The gnoll misses you. The gnoll completely misses you.
The gnoll closely misses you. The gnoll barely misses you.
The gnoll throws a throwing net.
The throwing net hits you.
You become entangled in the net!
You see here a throwing net.
You tear a large gash into the net.
The gnoll barely misses you. The gnoll hits you with a +0 whip.
The gnoll hits you from afar with a +0 spear.
You struggle against the net.
The gnoll hits you from afar with a +0 halberd.
The gnoll hits you with a +0 whip.
The gnoll hits you from afar with a +0 spear.
* * * LOW HITPOINT WARNING * * *
The gnoll hits you with a +0 club.
* * * LOW HITPOINT WARNING * * *
As you read the scroll of teleportation, it crumbles to dust.
You feel strangely unstable.
The gnoll hits you from afar with a +0 halberd.
* * * LOW HITPOINT WARNING * * *
The gnoll hits you with a +0 whip.
You die...

....#####............## .
...............†......#
##< ......######.###......
.... #...........#........
....# #..................#
.....##......###..........
.......g.....# #..#.......
......Jgg...###...##......
.......†g@....>...#..#....
......#g.......#..#.##....
..... #.#.#.####... ......
.... .....#... #.... ###
.###.......# ##.... ..
..###.##...####..... .
#.## .........#.....
...>#### #.##....... #
.... ..###.#........


You could see 4 gnolls, an endoplasm and a hobgoblin.

Vanquished Creatures
  A hound (D:5)
  Ijyb (D:3)
  An adder (D:3)
  A worm (D:3)
  A dart slug (D:2)
  5 endoplasms
  3 giant cockroaches
  A goblin (D:1)
  6 hobgoblins
  9 kobolds
  A quokka (D:2)
  4 ball pythons
  2 bats (D:1)
  A frilled lizard (D:3)
  A rat (D:1)
38 creatures vanquished.

Notes
Turn   | Place    | Note
-------+----------+-------------------------------------------
     0 | D:5      | hawla the Deep Elf Delver began the quest for the Orb.
     0 | D:5      | Reached XP level 1. HP: 13/13 MP: 3/3
   120 | D:5      | Noticed a hound
   131 | D:5      | Killed a hound
   132 | D:5      | Reached XP level 2. HP: 7/18 MP: 4/4
   132 | D:5      | Reached XP level 3. HP: 8/22 MP: 5/5
   759 | D:3      | Reached skill level 7 in Stealth
   813 | D:3      | Noticed Ijyb
  1126 | D:2      | Found Gauritio's Book Shop.
  1796 | D:1      | Found a faded altar of an unknown god.
  1897 | D:2      | Reached XP level 4. HP: 22/27 MP: 6/6
  2369 | D:3      | Gained mutation: You passively dampen the noise of your
                  | surroundings. [potion of mutation]
  2369 | D:3      | Gained mutation: Your system is resistant to poisons.
                  | (rPois) [potion of mutation]
  2635 | D:3      | Killed Ijyb
  2896 | D:3      | Slain by a gnoll

Illustrated notes

Levels and vault maps discovered:
D:1:      dpeg_arrival_three_same_balls, layout_basic,
          ebering_ecumenical_altar_rust, chequers_serial_rivers_large_a
D:2:      layout_rooms, serial_shops, shop
D:3:      layout_rooms, uniq_ijyb
D:4:      layout_loops_cross
D:5:      layout_loops_corners, uniq_menkaure, uniq_duvessa

Skill      XL: |  1  2  3 |
---------------+----------+-----
Stealth        | 7 |  7.6
Fighting       | |  2.8
Short Blades   | |  2.6
Throwing       | |  0.3
Dodging        | |  2.8

Action                   |  1- 3 |  4- 6 || total
-------------------------+-------+-------++-------
Melee: Dagger            |    77 |    40 ||   117
Throw: Dart              |       |     5 ||     5
  Use: Scroll            |     6 |     3 ||     9
       Potion            |       |     4 ||     4
 Stab: Sleeping          |     9 |     2 ||    11
Armor: Leather armour    |    10 |     6 ||    16
Dodge: Dodged            |    32 |    30 ||    62
